 Dungeon Crawl Stone Soup version 0.27-a0-1555-g0e7b3fb1d2 (webtiles) character file.

Game seed: 7134979207262274629

78909 Spaninq the Bludgeoner (level 15, -9/165 HPs)
             Began as a Troll Wanderer on July 14, 2021.
             Was a High Priest of Ashenzari.
             Mangled by a tentacled starspawn (16 damage)
             ... on level 1 of the Abyss.
             The game lasted 01:13:01 (16586 turns).

Spaninq the Bludgeoner (Troll Wanderer)            Turns: 16586, Time: 01:13:02

Health: -9/165     AC: 25    Str: 28    XL:     15   Next: 19%
Magic:  23/23      EV: 11    Int:  7    God:    Ashenzari [*****.]
Gold:   2388       SH:  0    Dex: 14    Spells: 15/15 levels left

rFire    . . .     SeeInvis +   E - +5 morningstar
rCold    . . .     Faith    .   (no shield)
rNeg     + . .     Spirit   .   G - +3 shadow dragon scales "At What Cost Knowledge?" {MP+9 Dex+3 Stlth++++, Melee, Self} (curse)
rPois    +         Reflect  .   z - +2 hat of the Sibylline Disgust {Range, Melee} (curse)
rElec    .         Harm     .   i - +2 cloak of Ashenzari's Pessimism {Will+, Fort, Self} (curse)
rCorr    .         Rampage  .   (gloves unavailable)
Will     ++...     Clarity  +   (boots unavailable)
Stlth    +++.......             L - amulet of Supernal Knowledge {Regen+, Cun, Evo} (curse)
HPRegen  2.37/turn              g - ring of Ashenzari's Portent {rN+, Range, Bglg} (curse)
MPRegen  0.18/turn              j - ring of Ashenzari's Gnosis {rPois, Melee, Alch} (curse)

@: about to teleport
A: large, unfitting armour, claws 3, regeneration 1, shaggy fur 1, tough skin 1
a: Renounce Religion, Curse Item, Shatter the Chains


You were on level 1 of the Abyss.
You worshipped Ashenzari.
Ashenzari was extremely pleased with you.
You visited 4 branches of the dungeon, and saw 19 of its levels.
You visited the Abyss 1 time.
You also visited: Bailey and Gauntlet.

You collected 2410 gold pieces.
You spent 22 gold pieces at shops.

Inventory:

Hand Weapons
 f - a +1 spectral giant club
 E - a +5 morningstar (weapon)
 F - a +4 scimitar of flaming
Missiles
 u - a throwing net (quivered)
Armour
 i - the cursed +2 cloak of Ashenzari's Pessimism (worn) {Will+, Fort, Self}
   (You found it on level 2 of the Dungeon)

   It has a curse which improves the following skills: Fortitude: Armour and
   Shields.
   Introspection: Fighting and Spellcasting.
 y - a +0 hat of see invisible
 z - the cursed +2 hat of the Sibylline Disgust (worn) {Range, Melee}
   (You found it on level 5 of the Dungeon)

   It has a curse which improves the following skills: Ranged Combat: Slings,
   Bows, Crossbows and Throwing.
   Melee Combat: Short Blades, Long Blades, Axes, Maces & Flails, Polearms,
   Staves and Unarmed Combat.
 G - the cursed +3 shadow dragon scales "At What Cost Knowledge?" (worn) {MP+9 Dex+3 Stlth++++, Melee, Self}
   (You acquired it on level 9 of the Dungeon)

   Dex:       It affects your dexterity (+3).
   MP:        It affects your magic capacity (+9).
   Stlth:     It makes you much more stealthy.
   It has a curse which improves the following skills: Melee Combat: Short
   Blades, Long Blades, Axes, Maces & Flails, Polearms, Staves and Unarmed
   Combat.
   Introspection: Fighting and Spellcasting.
Magical Staves
 T - a staff of fire
Jewellery
 c - an amulet of guardian spirit
 g - the cursed ring of Ashenzari's Portent (left claw) {rN+, Range, Bglg}
   (You found it on level 1 of the Dungeon)

   [ring of positive energy]

   rN:        It protects you from negative energy.
   It has a curse which improves the following skills: Ranged Combat: Slings,
   Bows, Crossbows and Throwing.
   Beguiling: Conjurations, Hexes and Translocations.
 j - the cursed ring of Ashenzari's Gnosis (right claw) {rPois, Melee, Alch}
   (You found it on level 2 of the Dungeon)

   [ring of poison resistance]

   rPois:     It protects you from poison.
   It has a curse which improves the following skills: Melee Combat: Short
   Blades, Long Blades, Axes, Maces & Flails, Polearms, Staves and Unarmed
   Combat.
   Alchemy:   Poison Magic and Transmutations.
 I - a +6 ring of strength
 L - the cursed amulet of Supernal Knowledge (around neck) {Regen+, Cun, Evo}
   (You found it on level 2 of the Lair of Beasts)

   [amulet of regeneration]

   Regen:     It increases your rate of health regeneration.
   It has a curse which improves the following skills: Cunning: Dodging and
   Stealth.
   Evocations: Evocations.
 R - a ring of ice
Wands
 a - a wand of iceblast (15)
 p - a wand of flame (19)
 B - a wand of digging (10)
 D - a wand of paralysis (12)
 J - a wand of acid (8)
 S - a wand of charming (8)
Scrolls
 b - 3 scrolls of blinking
 e - 4 scrolls of fear
 h - 2 scrolls of magic mapping
 o - a scroll of fog
 r - 3 scrolls of enchant weapon
 s - 2 scrolls of summoning
 x - 4 scrolls of teleportation
 C - 4 scrolls of amnesia
 H - a scroll of brand weapon
 M - a scroll of enchant armour
 N - a scroll of holy word
Potions
 d - a potion of might
 l - 7 potions of curing
 m - 4 potions of magic
 n - a potion of invisibility
 q - 3 potions of flight
 v - a potion of berserk rage
 w - 2 potions of haste
 A - 3 potions of brilliance
 K - a potion of resistance
 O - a potion of ambrosia
 Q - a potion of cancellation


   Skills:
 + Level 11.1(14.8) Fighting
 - Level 1.5(10.6) Axes
 * Level 15.3(19.9) Maces & Flails
 + Level 9.0(11.6) Armour
 + Level 9.2(11.8) Dodging
 - Level 1.0(2.5) Stealth


You had 15 spell levels left.
You didn't know any spells.
Your spell library contained the following spells:

 Spells                   Type           Power      Damage    Failure   Level
 Magic Dart               Conj           0%         1d3       83%         1
 Sting                    Tmut/Pois      0%         1d3       83%         1
 Foxfire                  Conj/Fire      0%         2x1d4     86%         1
 Shock                    Conj/Air       0%         1d3       86%         1
 Freeze                   Ice            0%         1d3       87%         1
 Blink                    Tloc           N/A        N/A       92%         2
 Searing Ray              Conj           0%         3d3       92%         2
 Slow                     Hex            0%         N/A       92%         2
 Poisonous Vapours        Pois/Air       0%         N/A       94%         2
 Call Imp                 Summ           0%         N/A       95%         2
 Confusing Touch          Hex            0%         N/A       99%         3
 Dazzling Flash           Conj/Hex       0%         N/A       99%         3
 Frozen Ramparts          Ice            0%         1d2       99%         3
 Inner Flame              Hex/Fire       0%         N/A       99%         3
 Mephitic Cloud           Conj/Pois/Air  0%         N/A       99%         3
 Swiftness                Air            0%         N/A       99%         3
 Vampiric Draining        Necr           0%         2d6       99%         3
 Airstrike                Air            0%         N/A       100%        4
 Fulminant Prism          Conj/Hex       0%         3d6       100%        4
 Iskenderun's Mystic Bla  Conj/Tloc      0%         2d3       100%        4
 Olgreb's Toxic Radiance  Pois           0%         N/A       100%        4
 Manifold Assault         Tloc           0%         N/A       100%        5
 Starburst                Conj/Fire      0%         8x6d3     100%        6
 Malign Gateway           Summ/Tloc      0%         N/A       100%        7
 Storm Form               Tmut/Air       0%         N/A       100%        7
 Summon Horrible Things   Summ           0%         N/A       100%        8
 Polar Vortex             Ice            0%         N/A       100%        9


Dungeon Overview and Level Annotations

Branches:
Dungeon (12/15)            Temple (1/1) D:6            Lair (5/6) D:9
  Swamp (0/4) Lair:4        Snake (0/4) Lair:3          Orc (1/2) D:9
 Bailey (visited)         Gauntlet (visited)
  Slime: Lair:5-6

Altars:
Ashenzari
Cheibriados
Dithmenos
Elyvilon
Fedhas
Gozag
Hepliaklqana
Kikubaaqudgha
Makhleb
Nemelex Xobeh
Okawaru
Qazlal
Sif Muna
Trog
Uskayaw
Vehumet
Wu Jian
Xom
Yredelemnul
Zin
The Shining One

Shops:
D:6 (   D:9 *   D:10 :

Annotations:
Orc:1 Sonja


Innate Abilities, Weirdness & Mutations

You are too large for most types of armour.
You have claws for hands.
Your natural rate of healing is unusually fast.
You are covered in fur. (AC +1)
You have tough skin. (AC +1)


Message History

A tentacled starspawn comes into view.
The black mamba skeleton closely misses you.
A starcursed mass splits.
The black mamba skeleton bites you.
* * * LOW HITPOINT WARNING * * *
The thrashing horror tramples you.
* * * LOW HITPOINT WARNING * * *
You stumble backwards!
The hellwing swoops through the air toward you!
The hellwing barely misses you.
The hellwing hits you but does no damage.
The starcursed mass shrieks in your mind.
* * * LOW HITPOINT WARNING * * *
You sock the hellwing!
The hellwing is lightly wounded.
The hellwing barely misses you. The hellwing closely misses you.
The thrashing horror barely misses you. The thrashing horror tramples you.
* * * LOW HITPOINT WARNING * * *
You hold your ground!
The black mamba skeleton closely misses you.
A chorus of shrieks assaults your mind.
* * * LOW HITPOINT WARNING * * *
Okay, then.
The thrashing horror tramples you but does no damage.
The thrashing horror tramples you.
* * * LOW HITPOINT WARNING * * *
You hold your ground!
The black mamba skeleton barely misses you.
The starcursed mass touches you but does no damage.
The smoke demon gestures at you. Something smites you!
* * * LOW HITPOINT WARNING * * *
The hellwing closely misses you.
The hellwing hits you but does no damage.
The thrashing horror tramples you!
* * * LOW HITPOINT WARNING * * *
You hold your ground!
The thrashing horror tramples you but does no damage.
The tentacled starspawn bites you!
You die...

,, .,...#.. #######X.. #
, *,,, ,., .
....4##....X{X. . * ,
..##{###.....{#..,... ,
, ,,. . .{#....#.#
*,....# *,
*#.,####.#........#.#...
** ,* ,,
...##3X.#.#.#.#,...# *,
*, ,
,,∆..##..3X...$..#... *
, ,,
..#.XX#...#...#.,... * ,
* ,###Z@X.......##....*#
,, ..#X#4#.#..X##', , *
,, , ..#........## *
,*,, , , ..#.#.#...## ,
, , , ,..#......##, * *,
*, ,*........## ,* , ,,,
, , , * * .####### * ,*
, , ,,**.., , *, * , , *
,,*## , , , , , ,*


You could see 4 starcursed masses, a tentacled starspawn, a thrashing horror, a
large abomination (wandering), a hellwing, 2 smoke demons and a black mamba
skeleton.

Vanquished Creatures
  A bone dragon (Abyss:1)
  Gastronok (Lair:2)
  An orc warlord (Bailey)
  A minotaur (Gauntlet)
  A boulder beetle (Lair:5)
  2 catoblepae (Lair:3)
  3 hydras
  Erica (Lair:2)
  5 two-headed ogres
  8 death yaks
  Nergalle (D:10)
  2 sixfirhies (Abyss:1)
  A glowing orange brain (Abyss:1)
  A lindwurm (Lair:5)
  An oklob plant (Gauntlet)
  An ugly thing (D:11)
  Pikel (D:8)
  2 cyclopes
  A moth of wrath (Gauntlet)
  5 elephants (Lair:3)
  3 black mambas
  A torpor snail (Lair:5)
  Maurice (D:7)
  A smoke demon (Abyss:1)
  9 cane toads
  4 rime drakes
  8 komodo dragons
  A kobold demonologist (D:11)
  3 trolls
  A tyrant leech (Gauntlet)
  A hornet (D:8)
  Grinder (D:5)
  6 blink frogs
  A polar bear (Lair:3)
  2 raiju (Abyss:1)
  2 slime creatures (D:12)
  3 starcursed masses (Abyss:1)
  2 small abominations (Abyss:1)
  3 wraiths
  A ynoxinul (Gauntlet)
  5 wyverns
  2 shadows
  42 yaks
  3 basilisks
  2 vampire mosquitoes (D:11)
  2 swamp worms (Gauntlet)
  2 large abominations (Abyss:1)
  6 nagas (Lair:3)
  12 water moccasins
  2 acid dragons
  2 black bears
  2 ice beasts (D:8)
  8 orc warriors
  A sky beast (D:5)
  4 ogres
  6 wolves (Gauntlet)
  A centaur (D:8)
  A lemure (D:8)
  3 phantoms
  5 kobold brigands
  6 bullfrogs
  5 scorpions
  A wyvern skeleton (D:7)
  3 killer bees (D:9)
  10 wights
  An electric eel (D:9)
  2 howler monkeys
  2 jellies
  4 centaur zombies
  A hound (D:6)
  9 orc priests
  4 iron imps (Gauntlet)
  Jessica (D:3)
  3 iguanas
  A gnoll shaman (D:10)
  8 orc wizards
  2 hound skeletons
  A howler monkey zombie (D:7)
  6 gnolls
  10 adders
  2 white imps
  2 ufetubi
  A worm (D:3)
  2 dart slugs (D:5)
  49 orcs
  4 ball pythons
  4 endoplasms
  3 giant cockroaches
  10 goblins
  5 hobgoblins
  7 jackals
  A quokka (D:1)
  4 bats
  4 frilled lizards
  A goblin skeleton (D:8)
  2 goblin zombies (D:8)
  2 hobgoblin zombies (D:8)
  43 kobolds
  3 kobold skeletons (D:8)
  2 kobold zombies (D:8)
  3 orc zombies (D:8)
  7 rats
  A butterfly (Lair:4)
447 creatures vanquished.

Vanquished Creatures (collateral kills)
  A hydra (D:10)
1 creature vanquished.

Vanquished Creatures (others)
  11 fungi
  52 plants
63 creatures vanquished.

Grand Total: 511 creatures vanquished

Notes
Turn   | Place    | Note
-------+----------+-------------------------------------------
     0 | D:1      | Spaninq the Troll Wanderer began the quest for the Orb.
     0 | D:1      | Spaninq set off with the following items: a +2 dagger, a
                  | scroll of blinking, a +0 robe; and the following spells
                  | available to memorise: Foxfire, Freeze, Frozen Ramparts,
                  | Inner Flame
     0 | D:1      | Reached XP level 1. HP: 22/22 MP: 0/0
   263 | D:1      | Reached XP level 2. HP: 29/29 MP: 1/1
   404 | D:1      | Reached skill level 2 in Maces & Flails
   426 | D:1      | Found a faded altar of an unknown god.
  1160 | D:2      | Reached XP level 3. HP: 36/36 MP: 2/2
  1571 | D:3      | Noticed Jessica
  1590 | D:3      | Killed Jessica
  1591 | D:3      | Reached skill level 3 in Maces & Flails
  1591 | D:3      | Reached XP level 4. HP: 44/45 MP: 3/3
  1700 | D:3      | Noticed a phantom
  1918 | D:3      | Killed a phantom
  1919 | D:3      | Reached skill level 4 in Maces & Flails
  1919 | D:3      | Reached XP level 5. HP: 37/53 MP: 4/4
  2055 | D:3      | Found a blossoming altar of Fedhas.
  2387 | D:4      | Reached XP level 6. HP: 30/62 MP: 5/5
  2567 | D:4      | Reached skill level 5 in Maces & Flails
  2930 | D:4      | Reached XP level 7. HP: 32/70 MP: 6/6
  3191 | D:5      | Entered Level 5 of the Dungeon
  3397 | D:5      | Noticed Grinder
  3572 | D:5      | Paralysed by Grinder for 6 turns
  3660 | D:5      | Killed Grinder
  3661 | D:5      | Reached skill level 6 in Maces & Flails
  4073 | D:5      | Reached skill level 5 in Fighting
  4133 | D:6      | Reached XP level 8. HP: 77/80 MP: 7/7
  4142 | D:6      | Reached skill level 7 in Maces & Flails
  4599 | D:6      | Reached skill level 8 in Maces & Flails
  4676 | D:6      | Found Jiletot's Antique Weapon Shoppe.
  4889 | D:6      | Found a staircase to the Ecumenical Temple.
  5260 | Temple   | Entered the Ecumenical Temple
  5420 | Temple   | Became a worshipper of Ashenzari the Shackled
  5549 | D:7      | Found a hide-covered altar of Uskayaw.
  5742 | D:7      | Reached XP level 9. HP: 89/89 MP: 8/8
  5755 | D:7      | Reached skill level 9 in Maces & Flails
  6042 | D:8      | Noticed Maurice
  6122 | D:7      | Paralysed by Maurice for 5 turns
  6135 | D:7      | Killed Maurice
  6292 | D:8      | Noticed Pikel
  6306 | D:8      | Killed Pikel
  6307 | D:8      | Reached skill level 1 in Armour
  6370 | D:8      | Reached skill level 10 in Maces & Flails
  6591 | D:8      | Reached * piety under Ashenzari
  6610 | D:8      | Found a glowing golden altar of the Shining One.
  6857 | D:8      | Reached XP level 10. HP: 60/102 MP: 9/9
  6963 | D:9      | Noticed a death yak
  6965 | D:9      | Noticed a death yak
  7032 | D:9      | Found a flagged portal.
  7041 | Bailey   | Entered a bailey
  7046 | Bailey   | Noticed an orc warlord
  7047 | Bailey   | Identified a scroll of acquirement
  7289 | Bailey   | Found a runed translucent gate.
  7291 | Bailey   | Found a runed translucent gate.
  7293 | Bailey   | Found a runed translucent gate.
  7425 | Bailey   | Killed an orc warlord
  7474 | D:9      | Acquired the +3 shadow dragon scales of the World {MP+9
                  | Dex+3 Stlth++++}
  7478 | D:9      | Acquired a +1 spectral giant club
  7639 | D:9      | Reached skill level 11 in Maces & Flails
  7757 | D:9      | Found a staircase to the Orcish Mines.
  8027 | D:9      | Reached ** piety under Ashenzari
  8049 | D:9      | Found a staircase to the Lair.
  8057 | D:9      | Found Qoosid's Assorted Antiques.
  8072 | D:9      | Bought a scroll labelled MELENEMUIPT for 22 gold pieces
  8223 | D:9      | Noticed a death yak
  8223 | D:9      | Noticed a death yak
  8224 | D:9      | Noticed a death yak
  8224 | D:9      | Noticed a death yak
  8533 | D:10     | Entered Level 10 of the Dungeon
  8540 | D:10     | Noticed an eight-headed hydra
  8715 | D:10     | Reached XP level 11. HP: 75/111 MP: 10/10
  8859 | D:10     | Reached *** piety under Ashenzari
  8869 | D:10     | Found Dinibres's Book Emporium.
  8953 | D:10     | Noticed Nergalle
  8953 | D:10     | Noticed a two-headed ogre
  8974 | D:10     | Killed Nergalle
  9078 | D:10     | Killed a two-headed ogre
  9128 | D:10     | Killed an eight-headed hydra
  9145 | D:10     | Acquired 968 gold pieces
  9342 | D:11     | Reached skill level 5 in Dodging
  9372 | D:11     | Identified the +5 rapier "Killer Klown's Regret" {flame,
                  | rElec rF+ Int+2}
  9550 | D:11     | Reached skill level 12 in Maces & Flails
  9607 | D:11     | Noticed a purple ugly thing
  9607 | D:11     | Noticed a two-headed ogre
  9624 | D:11     | Killed a purple ugly thing
  9686 | D:11     | Reached skill level 5 in Armour
  9792 | D:11     | Killed a two-headed ogre
  9847 | D:11     | Noticed a two-headed ogre
  9854 | D:11     | Killed a two-headed ogre
  9945 | D:11     | Noticed a two-headed ogre
  9956 | D:11     | Killed a two-headed ogre
 10008 | D:11     | Noticed a two-headed ogre
 10021 | D:11     | Killed a two-headed ogre
 10203 | D:11     | Reached **** piety under Ashenzari
 10532 | D:12     | Reached XP level 12. HP: 50/130 MP: 11/11
 10894 | Lair:1   | Entered Level 1 of the Lair of Beasts
 11508 | Lair:1   | Reached skill level 13 in Maces & Flails
 11670 | Lair:1   | Noticed a six-headed hydra
 11681 | Lair:1   | Killed a six-headed hydra
 12251 | Lair:2   | Noticed Gastronok
 12295 | Lair:2   | Killed Gastronok
 12341 | Lair:2   | Noticed Erica
 12350 | Lair:2   | Killed Erica
 13102 | Lair:3   | Found a staircase to the Snake Pit.
 13110 | Lair:3   | Reached XP level 13. HP: 139/139 MP: 12/12
 13414 | Lair:3   | Reached skill level 14 in Maces & Flails
 13884 | Lair:4   | Reached ***** piety under Ashenzari
 13913 | Lair:4   | Found a staircase to the Swamp.
 14057 | Lair:3   | Reached skill level 10 in Fighting
 14685 | Lair:5   | Found a gate leading to a gauntlet.
 14692 | Gauntlet | Entered a Gauntlet
 14692 | Gauntlet | Found a transporter.
 14692 | Gauntlet | Found a runed translucent door.
 14697 | Gauntlet | Found a runed translucent door.
 14699 | Gauntlet | Identified the +10 hunting sling of Spontaneous Combustion
                  | {venom, Will+ Str-2 Stlth+}
 14699 | Gauntlet | Found a transporter.
 14702 | Gauntlet | Found a transporter.
 14703 | Gauntlet | Found a transporter.
 14711 | Gauntlet | Found a transporter.
 14714 | Gauntlet | Found a transporter.
 14715 | Gauntlet | Found a transporter.
 14726 | Gauntlet | Found a transporter.
 14727 | Gauntlet | Found a transporter.
 14727 | Gauntlet | Found a transporter.
 14738 | Gauntlet | Found a transporter.
 14738 | Gauntlet | Found a transporter.
 14739 | Gauntlet | Found a transporter.
 14743 | Gauntlet | Found a runed translucent door.
 14743 | Gauntlet | Found a runed translucent door.
 14747 | Gauntlet | Found a transporter.
 14748 | Gauntlet | Identified the amulet "Kisoacy" {Reflect Rampage rF- Str+7
                  | SH+5}
 14784 | Gauntlet | Found a runed translucent door.
 15101 | Gauntlet | Reached XP level 14. HP: 157/157 MP: 13/13
 15101 | Gauntlet | Identified the +6 rapier of Losela {elec, +Blink Will+
                  | Dex+3 Stlth+}
 15758 | Lair:5   | Identified the Catalogue of Creative Snow
 16050 | D:9      | Reached skill level 15 in Maces & Flails
 16050 | D:9      | Reached XP level 15. HP: 165/165 MP: 14/14
 16106 | Orc:1    | Entered Level 1 of the Orcish Mines
 16114 | Orc:1    | Noticed Sonja
 16152 | Orc:1    | Found a shimmering altar of Xom.
 16305 | Orc:1    | Cast into level 1 of the Abyss (Sonja)
 16311 | Abyss:1  | Found a corrupted altar of Lugonu.
 16421 | Abyss:1  | Noticed a bone dragon
 16451 | Abyss:1  | Killed a bone dragon
 16579 | Abyss:1  | Noticed a tentacled starspawn
 16586 | Abyss:1  | HP: 7/165 [thrashing horror (11)]
 16586 | Abyss:1  | Mangled by a tentacled starspawn

Illustrated notes

Levels and vault maps discovered:
D:1:      dpeg_arrival_circle_labyrinth_c, layout_loops_ring,
          shapermc_ecumenical_altar_notcrosses
D:2:      layout_rooms
D:3:      layout_loops_ring, nicolae_overflow_hidden_temple, uniq_jessica
D:4:      layout_basic
D:5:      layout_rooms, kennysheep_diamond, kennysheep_small_spiral,
          hangedman_glass_teeth, uniq_grinder
D:6:      kennysheep_kobold_camp, layout_basic, minmay_temple_entry_mist,
          serial_shops, kennysheep_mini, minmay_stone_trees_small,
          minmay_circle_x
D:7:      layout_rooms, nicolae_uskayaw_dance_hall
D:8:      layout_cave_pools, nicolae_tso_besieged_by_evil,
          minmay_fractal_squares_gapless_5, uniq_maurice, uniq_pikel
D:9:      layout_gridville, dpeg_lair_monsters, hiddenorc1_lemuel,
          enter_bailey_2, serial_shops, shop_statue, nrook_pool_corridor
D:10:     layout_rooms, serial_shops, nicolae_square_shop, uniq_nergalle
D:11:     layout_loops_ring
D:12:     layout_basic, amcnicky_mini_corridor_feature
Temple:   regret_index_temple_mists
Lair:1:   layout_layer_cave, grunt_megastairs_4, infiniplex_staircase_pool_2
Lair:2:   layout_chaotic_city, st_stairs_10, grunt_megastairs_3, uniq_erica,
          uniq_gastronok
Lair:3:   layout_chaotic_city, minmay_snake_entry_guardpost_large,
          kennysheep_catoblepas_arena
Lair:4:   layout_regular_city, minmay_swamp_entry_reptiles, lemuel_fruit_fields,
          grunt_megastairs_5, lemuel_fruit_fields
Lair:5:   layout_regular_city, gauntlet_entry_generic
Orc:1:    layout_diamond_mine, basic_altar, uniq_sonja
Abyss:1:  base:
Lair:3

Skill      XL: |  1  2  3  4  5  6  7  8  9 10 11 12 13 14 15 |
---------------+----------------------------------------------+-----
Maces & Flails | 2 3 4 5 6 8 10 11 12 13 14 15 | 15.3
Fighting       | 3 4 5 6 7 8 9 10 11 | 11.1
Armour         | 2 4 5 6 8 9 |  9.0
Dodging        | 3 4 5 7 8 9 |  9.2
Axes           | |  1.5
Stealth        | |  1.0

Action                   |  1- 3 |  4- 6 |  7- 9 | 10-12 | 13-15 || total
-------------------------+-------+-------+-------+-------+-------++-------
Melee: Dagger            |   107 |       |       |       |       ||   107
       Mace              |    74 |    74 |       |       |       ||   148
       Flail             |       |    68 |   344 |       |       ||   412
       Morningstar       |       |       |    92 |   673 |   538 ||  1303
       Punch             |       |       |       |     1 |     2 ||     3
Invok: Curse Item        |       |       |     2 |     4 |     1 ||     7
       Shatter the Chain |       |       |       |     1 |       ||     1
  Use: Scroll            |       |       |     1 |     5 |     2 ||     8
       Potion            |       |       |       |     6 |     6 ||    12
 Stab: Sleeping          |     5 |     3 |     3 |     5 |     6 ||    22
       Invisible         |       |       |       |       |     3 ||     3
Armor: Robe              |    71 |    62 |   170 |   147 |       ||   450
       Shadow dragon sca |       |       |       |   102 |   274 ||   376
Dodge: Dodged            |    88 |    68 |   156 |   270 |   197 ||   779

Table legend: (Time is in decaauts)
 A = Elapsed time spent in this place.
 B = Non-inter-level travel time spent in this place.
 C = Inter-level travel time spent in this place.
 D = Time resting spent in this place.
 E = Time spent auto-exploring this place.
 F = Levels seen in this place.
 G = Mean time per level.
                   A        B        C        D        E       F      G
               +--------+--------+--------+--------+--------+-----+--------+
         Total |  16432 |  15513 |    919 |    838 |   9324 |  22 |  746.9 |
       Dungeon |  10467 |   9859 |    608 |    629 |   6052 |  12 |  872.2 |
        Temple |    233 |    215 |     18 |      0 |    194 |   1 |  233.0 |
          Lair |   4462 |   4170 |    292 |     92 |   2870 |   5 |  892.4 |
  Orcish Mines |    179 |    179 |      0 |      0 |     65 |   1 |  179.0 |
         Abyss |    253 |    253 |      0 |     29 |     64 |   1 |  253.0 |
        Bailey |    407 |    407 |      0 |     85 |      0 |   1 |  407.0 |
      Gauntlet |    427 |    427 |      0 |      3 |     78 |   1 |  427.0 |
               +--------+--------+--------+--------+--------+-----+--------+

Top non-repeatable levels by time:
     D:9: 1364 daAuts
  Lair:1: 1315 daAuts
     D:6: 1218 daAuts
     D:1: 1121 daAuts
    D:11: 1106 daAuts
  Lair:3: 955 daAuts
     D:5: 936 daAuts
     D:4: 856 daAuts
     D:8: 847 daAuts
     D:3: 766 daAuts
  Lair:5: 752 daAuts
  Lair:2: 732 daAuts
  Lair:4: 707 daAuts
    D:10: 693 daAuts
     D:7: 654 daAuts
